 Dungeon Crawl Stone Soup version 0.29.1-13-g9f3cf754e1 (webtiles) character file.

Game seed: 7141789640940019840

606 DearGrease the Slasher (level 7, 0/54 HPs)
             Began as a Human Fighter on Jan 21, 2023.
             Was a Follower of Yredelemnul.
             Slain by Grinder (10 damage)
             ... on level 4 of the Dungeon.
             The game lasted 00:51:03 (3017 turns).

DearGrease the Slasher (Human Fighter)              Turns: 3017, Time: 00:51:04

Health: 0/54       AC:  0    Str: 19    XL:     7   Next: 70%
Magic:  7/7        EV:  9    Int:  8    God:    Yredelemnul [*.....]
Gold:   228        SH:  4    Dex: 12    Spells: 6/6 levels left

rFire   + + .      SeeInvis +   k - +2 dagger (elec)
rCold   + . .      Faith    .   c - +0 buckler
rNeg    . . .      Spirit   .   m - +2 plate armour {rF+}
rPois   .          Reflect  .   j - +0 helmet
rElec   .          Harm     .   f - scarf {rC+ rF+}
rCorr   .          Rampage  .   (no gloves)
Will    .....                   (no boots)
Stlth   ..........              (no amulet)
HPRegen 0.18/turn               g - +4 ring of evasion
MPRegen 0.10/turn               l - ring of see invisible

@: corroded
A: no striking features
a: Renounce Religion, Recall Undead Harvest


You were on level 4 of the Dungeon.
You worshipped Yredelemnul.
Yredelemnul was noncommittal.
You visited 1 branch of the dungeon, and saw 4 of its levels.

You collected 228 gold pieces.

Inventory:

Hand Weapons
 a - a +0 long sword
 h - a +0 falchion
 i - a +0 war axe
 k - a +2 dagger of electrocution (weapon)
Missiles
 e - 34 stones (quivered)
 r - 4 boomerangs
Armour
 c - a +0 buckler (worn)
 f - a scarf of resistance (worn)
 j - a +0 helmet (worn)
 m - a +2 plate armour of fire resistance (worn)
Jewellery
 b - a ring of protection from cold
 g - a +4 ring of evasion (left hand)
 l - a ring of see invisible (right hand)
Wands
 n - a wand of charming (10)
 p - a wand of digging (5)
Scrolls
 o - a scroll of amnesia


   Skills:
 + Level 4.0 Fighting
 + Level 2.7(4.2) Short Blades
 + Level 5.0(5.4) Long Blades
 + Level 0.2 Throwing
 + Level 4.1 Armour
 + Level 1.4 Dodging
 + Level 1.3 Stealth
 + Level 3.7 Shields
 + Level 0.3 Invocations


You had 6 spell levels left.
You didn't know any spells.
Your spell library was empty.

Dungeon Overview and Level Annotations

Branches:
Dungeon (4/15)
 Temple: D:4-7

Altars:
Yredelemnul
Zin

Annotations:
D:4 Grinder


Message History

Press: ? - help, Shift-Dir - straight line, f - jelly
Aim: a jelly (moderately wounded, ally target, chance to affect: 57%)
Okay, then.
Throw: throwing net
Press: ? - help, Q - select action, (/) - cycle Shift-Dir - straight line, f - jelly
Aim: a jelly (moderately wounded, ally target, 89% to hit)
You throw a throwing net. The throwing net hits the jelly.
The jelly is caught in the net!
The jelly is moderately wounded.
The jelly struggles against the net.
Your orc priest zombie hits the jelly.
Your orc priest zombie is burned by acid!
The jelly struggles against the net.
Throw: 36 stones
Press: ? - help, Q - select action, (/) - cycle Shift-Dir - straight line, f/p - jelly
Aim: a jelly (moderately wounded, entangled in a net, ally target, 98% to hit)
You throw a stone.
The stone hits the jelly but does no damage.
The jelly is moderately wounded.
Your orc priest zombie hits the jelly.
Your orc priest zombie is burned by acid!
The jelly struggles against the net.
Throw: 35 stones
Press: ? - help, Q - select action, (/) - cycle Shift-Dir - straight line, f/p - jelly
Aim: a jelly (moderately wounded, entangled in a net, ally target, 98% to hit)
You throw a stone.
The stone hits the jelly but does no damage.
The jelly is moderately wounded.
The jelly struggles against the net.
Your orc priest zombie hits the jelly.
Your orc priest zombie is burned by acid!
The jelly struggles against the net.
Your orc priest zombie hits the jelly.
Your orc priest zombie is burned by acid!
You hit the jelly. Lightning courses through the jelly!!
You kill the jelly!
The dead are walking!
Your jelly zombie barely misses Grinder.
Your orc priest zombie hits Grinder but does no damage.
Grinder hits you!
You die...
Your body rises from the dead as a mindless zombie.

.........# #.......#
.........# ######.........
.....)...# #...........##.
.........###...........#
.........'...............
.........########......#..
...######)Z..........###..
.. #####.5Z.........# .
...._..@........##
................#
.................#
.................#
...............$.#
.#####............
#........... #..........


You could see Grinder (ally target), a friendly jelly zombie and a friendly orc
priest zombie.

Vanquished Creatures
  The ghost of suse60 the Trooper, an amateur FoFi (D:3)
  A water moccasin zombie (D:3)
  A jelly (D:4)
  An orc priest (D:4)
  Jessica (D:2)
  An orc wizard (D:4)
  Natasha (D:2)
  A howler monkey zombie (D:3)
  4 adders
  4 gnolls (D:3)
  A howler monkey skeleton (D:3)
  3 dart slugs
  6 orcs
  7 ball pythons
  A bat zombie (D:3)
  3 giant cockroaches
  7 goblins
  8 hobgoblins
  8 jackals
  5 quokkas
  3 bats
  4 frilled lizards
  3 kobolds
  A quokka zombie (D:3)
  5 rats
81 creatures vanquished.

Vanquished Creatures (collateral kills)
  A centaur skeleton (D:3)
  Natasha (twice) (D:2)
  An adder (D:3)
  2 dart slugs (D:2)
  A bat (D:2)
  A giant cockroach (D:2)
  2 kobolds
10 creatures vanquished.

Vanquished Creatures (others)
  An adder zombie (D:2)
  A ball python zombie (D:3)
  A dart slug zombie (D:2)
  2 hobgoblin zombies
  3 jackal zombies (D:3)
  A kobold zombie (D:3)
  An orc zombie (D:4)
  A rat zombie (D:3)
11 creatures vanquished.

Grand Total: 102 creatures vanquished

Notes
Turn   | Place    | Note
-------+----------+-------------------------------------------
     0 | D:1      | DearGrease the Human Fighter began the quest for the Orb.
     0 | D:1      | Reached XP level 1. HP: 18/18 MP: 1/1
   291 | D:1      | Reached XP level 2. HP: 23/24 MP: 2/2
   492 | D:1      | Reached XP level 3. HP: 26/29 MP: 3/3
   638 | D:1      | Found a faded altar of an unknown god.
   644 | D:1      | Prayed at the altar of an unknown god.
   644 | D:1      | Became a worshipper of Yredelemnul the Dark
   644 | D:1      | Reached * piety under Yredelemnul
  1031 | D:2      | Noticed Natasha
  1035 | D:2      | Killed Natasha
  1036 | D:2      | Reached XP level 4. HP: 35/35 MP: 2/4
  1095 | D:2      | Noticed Natasha
  1105 | D:2      | Killed Natasha
  1106 | D:2      | Reached skill level 3 in Long Blades
  1257 | D:2      | Reached XP level 5. HP: 41/41 MP: 5/5
  1320 | D:2      | Noticed Natasha
  1324 | D:2      | Killed Natasha
  1331 | D:2      | Reached ** piety under Yredelemnul
  1331 | D:2      | Reached skill level 4 in Long Blades
  1742 | D:2      | Noticed Jessica
  1749 | D:2      | Killed Jessica
  2126 | D:3      | Found a runed translucent gate.
  2126 | D:3      | Found a runed translucent gate.
  2126 | D:3      | Found a runed translucent gate.
  2133 | D:3      | Noticed suse60's ghost (amateur FoFi)
  2138 | D:3      | Reached XP level 6. HP: 47/47 MP: 6/6
  2142 | D:3      | Reached skill level 1 in Short Blades
  2174 | D:3      | Killed suse60's ghost
  2175 | D:3      | Reached skill level 5 in Long Blades
  2175 | D:3      | Reached skill level 1 in Dodging
  2175 | D:3      | Reached XP level 7. HP: 12/53 MP: 7/7
  2974 | D:4      | Noticed Grinder
  2991 | D:4      | Reached skill level 1 in Stealth
  2991 | D:4      | Found a glowing silver altar of Zin.
  3017 | D:4      | Slain by Grinder

Illustrated notes

Levels and vault maps discovered:
D:1:      dpeg_arrival_brainrot, layout_basic, serial_corexii_hall,
          corexii_hall_statues_u, corexii_hall_statues_x,
          corexii_hall_statues_i, ebering_ecumenical_altar_sacrificial,
          minivault_23
D:2:      layout_loops_ring, corexii_item_surrounded_by_moat, uniq_natasha,
          uniq_jessica
D:3:      layout_basic, gammafunk_ghost_necromancy,
          minmay_fractal_squares_gapless_5
D:4:      layout_basic, overflow_temple_1_default, uniq_duvessa, uniq_grinder

Skill      XL: |  1  2  3  4  5  6  7 |
---------------+----------------------+-----
Long Blades    | 3 4 5 |  5.0
Short Blades   | 2 |  2.7
Armour         | 4 |  4.1
Dodging        | 1 |  1.4
Fighting       | 4 |  4.0
Stealth        | 1 |  1.3
Throwing       | |  0.2
Shields        | |  3.7
Invocations    | |  0.3

Action                   |  1- 3 |  4- 6 |  7- 9 || total
-------------------------+-------+-------+-------++-------
Melee: Long sword        |    55 |    44 |       ||    99
       Dagger            |       |    82 |    85 ||   167
Throw: Stone             |       |     6 |     3 ||     9
       Throwing net      |       |       |     1 ||     1
Invok: Recall Undead Har |     1 |     1 |       ||     2
       Dark Bargain      |       |     1 |       ||     1
  Use: Scroll            |     2 |     3 |     1 ||     6
       Potion            |       |     3 |     4 ||     7
 Stab: Distracted        |       |       |     1 ||     1
Armor: Scale mail        |    23 |     2 |       ||    25
       Plate armour      |       |    39 |    39 ||    78
       Skin              |       |    50 |       ||    50
Dodge: Dodged            |    36 |    41 |    25 ||   102
Block: Buckler           |    17 |    22 |    14 ||    53
